 Dungeon Crawl Stone Soup version 0.31-a0-978-g1e143483b6 (webtiles) character file.

Game seed: 12380550383962290462

3909 ytrimaz the Covert (level 10, -5/67 HPs)
             Began as an Octopode Shapeshifter on Oct 30, 2023.
             Was an Elder of Jiyva.
             Slain by an orc warlord
             ... wielding a +5 broad axe
              (28 damage)
             ... in a bailey.
             The game lasted 00:09:37 (7403 turns).

ytrimaz the Covert (Octopode Shapeshifter)          Turns: 7403, Time: 00:09:37

Health: -5/67      AC:  8    Str: 33    XL:     10   Next: 20%
Magic:  10/10      EV: 10    Int: 10    God:    Jiyva [****..]
Gold:   394        SH:  0    Dex: 14    Spells: 9/9 levels left

rFire   . .          .
                       - Unarmed
rCold   . . .        (shield currently unavailable)
rNeg    . . .        (helmet currently unavailable)
rPois   +            f - amulet of the acrobat
rElec   .            k - +6 ring of strength
rCorr   +            s - ring of willpower
SInv    +            t - ring of poison resistance
Will    +....        w - ring of see invisible
Stlth   +++++        (no ring)
HPRegen 1.59/turn    (no ring)
MPRegen 0.52/turn    (no ring)
                     (no ring)

%: acrobat
@: snake-form, hasted, very quick
A: constrict, almost no armour, amphibious, 8 rings, large, (camouflage 1),
(gelatinous body 1), (nimble swimmer 1), (tentacles), (tentacle spike 1), robust
1, strong 2, (jelly sensing items)
a: Begin Untransformation, Renounce Religion, Oozemancy, Slimify


You were in a bailey.
You worshipped Jiyva.
Jiyva was greatly pleased with you.
You were an enormous anaconda.
You visited 1 branch of the dungeon, and saw 8 of its levels.
You also visited: Sewer, Ossuary and Bailey.

You collected 394 gold pieces.


Innate Abilities, Weirdness & Mutations

You are an enormous anaconda.
You have a powerful constriction melee attack.
Your armour is entirely melded.
You are incapable of wielding weapons or throwing items.
You cannot wear most types of armour.
You are amphibious.
You can wear up to eight rings at the same time.
((Your skin changes colour to match your surroundings (Stealth+).))
((Your rubbery body absorbs attacks. (AC +1, EV +1)))
((You are camouflaged when in or above water. (Stealth+)))
((You have tentacles for arms and can constrict up to eight enemies at once.))
((One of your tentacles bears a spike.))
You are robust. (+10% HP)
Your muscles are very strong. (Str +8, Int/Dex -2)
((You have a small jelly attached to you that senses nearby items.))


   Skills:
 - Level 1.0 Fighting
 - Level 2.0 Dodging
 - Level 13.4 Stealth
 + Level 6.6 Unarmed Combat
 + Level 8.8 Shapeshifting


You had 9 spell levels left.
You didn't know any spells.
Your spell library contained the following spells:

 Spells                   Type           Power      Damage    Failure   Level
 Blink                    Tloc           0%         N/A       50%         2
 Lesser Beckoning         Tloc           0%         N/A       50%         2
 Momentum Strike          Conj/Tloc      0%         3d8       50%         2
 Static Discharge         Conj/Air       0%         3-3/arc   50%         2
 Inner Flame              Hex/Fire       0%         N/A       75%         3
 Airstrike                Air            0%         2d(0-16)  98%         4
 Flame Wave               Conj/Fire      0%         2d4       98%         4
 Sticky Flame             Conj/Fire      0%         2d3       98%         4
 Summon Lightning Spire   Summ/Air       0%         N/A       98%         4

Inventory:

Jewellery
 f - an amulet of the acrobat (around neck)
   (You found it on level 1 of the Dungeon)
 k - a +6 ring of strength (left tentacle)
   (You found it on level 2 of the Dungeon)
 s - a ring of willpower (right tentacle)
   (You took it off a hobgoblin on level 4 of the Dungeon)
 t - a ring of poison resistance (on tentacle)
   (You found it on level 3 of the Dungeon)
 w - a ring of see invisible (on tentacle)
   (You found it on level 3 of the Dungeon)
Talismans
 b - a beast talisman
 c - a flux talisman
 p - a serpent talisman (active)
   (You found it on level 4 of the Dungeon)
Wands
 h - a wand of iceblast (10) (quivered)
   (You found it on level 8 of the Dungeon)
Scrolls
 d - 2 scrolls of blinking
 g - a scroll of noise {unknown}
 i - 3 scrolls of revelation
 j - a scroll of poison
 l - a scroll of fog
 m - 4 scrolls of teleportation
 o - a scroll of vulnerability {unknown}
 q - a scroll of torment {unknown}
 r - 2 scrolls of enchant armour {unknown}
 u - 2 scrolls of enchant weapon {unknown}
 v - a scroll of immolation {unknown}
 x - a scroll of silence {unknown}
 y - 2 scrolls of amnesia {unknown}
 D - a scroll of butterflies {unknown}
 E - a scroll of brand weapon {unknown}
 F - a scroll of acquirement
Potions
 a - a potion of haste
 e - 2 potions of curing
 n - 2 potions of mutation
 z - 4 potions of cancellation
 A - a potion of resistance {unknown}
 B - 2 potions of brilliance {unknown}
 C - 2 potions of heal wounds {unknown}
 G - a potion of magic {unknown}

Dungeon Overview and Level Annotations

Branches:
Dungeon (8/15) Zot: 26792  Temple (0/1) D:5           Sewer (visited)
Ossuary (visited)          Bailey (1/1) Zot: 5736
   Lair: D:8-11

Altars:
Hepliaklqana
Nemelex Xobeh
Trog
Uskayaw
Vehumet

Shops:
D:5 (   D:6 (

Annotations:
D:4 2 runed translucent doors, RandomusNamus's ghost, amateur OpCj
D:6 1 runed translucent door, Shayle's ghost, amateur TeHs

##......####...####......
♣##...(##~~#####~~##.(..#
♣.##...#~)?8...8?|~#.(.##
♣♣..###(#~.........~#'###.
♣...~~~.#~..8...8..~#.~~~.
♣♣...~~~.##.........##.~~~.
♣∩...~~~.#~....∩....~#.~~~.
♣♣...~~~.#go........~#.~~~.
♣...~~).#S~.8...8.~~#.~~~.
♣♣..###)###.......###'###)
♣.##..).#~.8...8.~#....##
♣##.....#~~~~~~~~~#.....#
##...)..####~~~####......
#...8)))...#'''#......8..
#........................
#........................
##..8..8...........8..8..


You could see an orc warlord and a gnoll.


Message History

Things that are here:
a +0 hand axe; a +0 leather armour; a gnoll corpse No target in view!
You enter the shallow water.
The kobold shouts!
You hear a shout!
A kobold comes into view.
There is an open door here.
There are monsters nearby!
There are monsters nearby!
You barely miss the kobold. Your grab misses the kobold.
The kobold barely misses you.
You completely miss the kobold. Your grab misses the kobold.
The kobold closely misses you.
You lash the kobold!
You kill the kobold!
The kobold throws a boomerang.
The boomerang closely misses you. The kobold barely misses you.
You see here 2 boomerangs.
You barely miss the kobold. You grab the kobold. You constrict the kobold.
The kobold misses you.
Unknown command.
You lash the kobold!
You kill the kobold!
Things that are here:
2 boomerangs; a kobold corpse No target in view!
The orc warlord shouts!
There is an open gate here.
Key pressed, stopping explore.
You enter the deep water.
There is an empty arch of ancient stone here.
Key pressed, stopping explore.
You enter the deep water.
There is an open gate here.
Key pressed, stopping explore.
Things that are here:
a +0 hand axe; a +0 leather armour You see here 2 boomerangs.
You see here 2 boomerangs.
There is an open door here.
You see here a boomerang.
Key pressed, stopping explore.
There is an open door, spattered with blood here.
Items here: ( )) [[ †.
Could not explore, unopened runed door.
Could not explore, unopened runed door.
Could not explore, unopened runed door.
You open the gate.
Okay, then.
There is an open translucent gate here.
You enter the shallow water.
You enter the shallow water.
Aiming: Iceblast
Press: ? - help, Q - select action, (/) - cycle Shift-Dir - straight line, f - orc warlord
Aim: an orc warlord, wielding a +5 broad axe and wearing a +0 plate armour The mass of ice explodes!
The iceblast engulfs the orc warlord but does no damage.
Aiming: Iceblast
Press: ? - help, Q - select action, (/) - cycle Shift-Dir - straight line, f/p - orc warlord
Aim: an orc warlord, wielding a +5 broad axe and wearing a +0 plate armour The mass of ice explodes!
The iceblast engulfs the orc warlord!
You lash the orc warlord! You grab the orc warlord.
You constrict the orc warlord, but do no damage.
You hit the orc warlord. You constrict the orc warlord.
The orc warlord hits you with a +5 broad axe. 😕 HP[-3]
You take 3 damage, and now have 64/67 hp.
Unknown command.
You barely miss the orc warlord. You constrict the orc warlord.
The orc warlord closely misses you. 😕 HP[+1]
You lash the orc warlord! You constrict the orc warlord.
The orc warlord hits you with a +5 broad axe! 😮 HP[-15]
You take 15 damage, and now have 50/67 hp.
MASSIVE DAMAGE!! (PAUSE)
You barely miss the orc warlord. You constrict the orc warlord.
The orc warlord misses you. 😕 HP[+2]
You regained 2 hp, and now have 52/67 hp.
Unknown command.
You lash the orc warlord! You constrict the orc warlord.
The orc warlord hits you with a +5 broad axe!!
* * * LOW HITPOINT WARNING * * *
😨 HP[-20]
You take 20 damage, and now have 32/67 hp.
MASSIVE DAMAGE!! (PAUSE)
You feel yourself speed up.
You constrict the orc warlord.
The orc warlord hits you with a +5 broad axe!
* * * LOW HITPOINT WARNING * * *
😨 HP[-11]
You take 11 damage, and now have 21/67 hp.
Unknown command.
You hit the orc warlord but do no damage.
You constrict the orc warlord. 😨 HP[+1] Unknown command.
You hit the orc warlord. You constrict the orc warlord.
The orc warlord hits you with a +5 broad axe!!
You die...

Skill      XL: |  1  2  3  4  5  6  7  8  9 10 |
---------------+-------------------------------+-----
Stealth        | 1 3 5 6 8 10 13 | 13.4
Shapeshifting  | 4 5 6 8 |  8.8
Unarmed Combat | 5 6 |  6.6
Fighting       | |  1.0
Dodging        | |  2.0

Action                     |  1- 3 |  4- 6 |  7- 9 | 10-12 || total
---------------------------+-------+-------+-------+-------++-------
  Melee: Unarmed           |    44 |   158 |   193 |    75 ||   470
         Constrict         |    12 |    42 |    32 |    17 ||   103
         Tentacles         |     7 |    35 |    36 |       ||    78
         Punch             |       |     4 |     5 |       ||     9
         Kick              |       |       |    38 |       ||    38
  Evoke: Wand              |       |       |     3 |     2 ||     5
    Use: Potion            |       |       |     4 |     1 ||     5
         Scroll            |       |       |       |     6 ||     6
   Stab: Sleeping          |     9 |    27 |    25 |     5 ||    66
         Distracted        |     1 |     2 |     2 |       ||     5
 Armour: Skin              |     8 |    37 |    86 |    53 ||   184
  Dodge: Dodged            |    31 |    60 |   144 |    66 ||   301
   Form: Anaconda          |       |       |       |     1 ||     1

Levels and vault maps discovered:
D:1:      lightli_arrival_windingriver, layout_basic
D:2:      layout_loops_corners, corexii_hall_statues_i, minmay_liquid_box,
          uniq_natasha
D:3:      layout_basic, amcnicky_altar_gilded, gup_sewer_entry_bowl,
          uniq_grinder
D:4:      layout_basic, nemelex_dance_club_becter, ebering_ghost_sewer_f,
          enter_ossuary_4
D:5:      layout_gridville, kennysheep_little_box, minmay_temple_entry_tees,
          serial_shops, nicolae_shop_bloodbath_and_beyond, uniq_ijyb,
          uniq_menkaure, uniq_eustachio, uniq_duvessa
D:6:      layout_layer_cave, nicolae_overflow_squiral, ebering_ghost_sewer_d,
          serial_shops, nicolae_stop_n_shop_2, amcnicky_mini_corridor_feature,
          minmay_misc_feat_encased, uniq_pikel
D:7:      layout_loops_corners
D:8:      layout_loops_ring, mainiacjoe_overflow_brackets, enter_bailey_6,
          serial_aquarium, aquarium_bridge_island_small
          [aquarium_subvault_small_water, aquarium_subvault_bridge,
          aquarium_subvault_window, aquarium_subvault_bridge,
          aquarium_subvault_wall], aquarium_window_1, aquarium_window_fake,
          aquarium_window_2, aquarium_view_2b, aquarium_balcony_3a
Bailey:   bailey_axe_bossmonster_kennysheep, bailey

Notes
Turn   | Place    | Note
-------+----------+-------------------------------------------
     0 | D:1      | ytrimaz the Octopode Shapeshifter began the quest for the
                  | Orb.
     0 | D:1      | Reached XP level 1. HP: 13/13 MP: 1/1
     0 | D:1      | magus.rc [v1.9.6]
   149 | D:1      | Reached skill level 1 in Stealth
   276 | D:1      | Reached XP level 2. HP: 18/18 MP: 2/2
   288 | D:1      | Reached skill level 2 in Stealth
   380 | D:1      | You pick up a book of Spatial Translocations and begin
                  | reading...
   380 | D:1      | You add the spells Blink, Momentum Strike and Lesser
                  | Beckoning to your library.
   786 | D:2      | Reached skill level 3 in Stealth
   847 | D:2      | Reached XP level 3. HP: 21/23 MP: 3/3
   857 | D:2      | Noticed Natasha
   862 | D:2      | Killed Natasha
  1017 | D:2      | You fall into a shaft and drop 2 floors!
  1020 | D:4      | Found a runed translucent door.
  1020 | D:4      | Noticed a scorpion
  1028 | D:4      | Killed a scorpion
  1029 | D:4      | Reached skill level 5 in Stealth
  1029 | D:4      | Reached XP level 4. HP: 13/28 MP: 4/4
  1061 | D:4      | Noticed a scorpion
  1065 | D:4      | Killed a scorpion
  1066 | D:4      | Reached skill level 4 in Shapeshifting
  1066 | D:4      | Reached XP level 5. HP: 20/33 MP: 5/5
  1118 | D:4      | Found a sand-covered staircase.
  1142 | Ossuary  | Entered an ossuary
  1192 | Ossuary  | Reached skill level 6 in Stealth
  1551 | Ossuary  | Reached XP level 6. HP: 38/38 MP: 6/6
  1796 | D:4      | You pick up a book of Flames and begin reading...
  1796 | D:4      | You add the spells Inner Flame, Sticky Flame and Flame Wave
                  | to your library.
  1874 | D:4      | Found a runed translucent door.
  1879 | D:4      | Noticed RandomusNamus's ghost (amateur OpCj)
  1924 | D:4      | Reached skill level 7 in Stealth
  2000 | D:4      | Found a sparkling altar of Nemelex Xobeh.
  2984 | D:3      | Reached skill level 8 in Stealth
  2989 | D:3      | Reached XP level 7. HP: 21/43 MP: 7/7
  3162 | D:3      | Found a glowing drain.
  3167 | Sewer    | Entered a sewer
  3408 | Sewer    | Found a viscous altar of Jiyva.
  3429 | Sewer    | Reached skill level 5 in Shapeshifting
  3618 | Sewer    | Became a worshipper of Jiyva Jewiemex the Shapeless
  3776 | D:2      | You pick up a book of Storms and begin reading...
  3776 | D:2      | You add the spells Static Discharge, Airstrike and Summon
                  | Lightning Spire to your library.
  3839 | D:2      | Noticed Natasha
  3843 | D:2      | Killed Natasha
  3865 | D:2      | Identified the +6 spear of Ceorefit {freeze, rElec rPois
                  | Str-4 Stlth+}
  4198 | D:2      | Killed Natasha
  4209 | D:2      | Reached * piety under Jiyva
  4345 | D:5      | Entered Level 5 of the Dungeon
  4357 | D:5      | Noticed Menkaure
  4361 | D:5      | Killed Menkaure
  4362 | D:5      | Reached skill level 9 in Stealth
  4362 | D:5      | Found a staircase to the Ecumenical Temple.
  4528 | D:5      | Killed Ijyb
  4553 | D:5      | Noticed Eustachio
  4559 | D:5      | Killed Eustachio
  4560 | D:5      | Reached skill level 10 in Stealth
  4560 | D:5      | Reached XP level 8. HP: 44/48 MP: 8/8
  4566 | D:5      | Found Venesk's Weapon Emporium.
  4601 | D:5      | Noticed Dowan
  4602 | D:5      | Noticed Duvessa
  4622 | D:5      | HP: 9/48 [Duvessa/+2 short sword of speed (7)]
  4624 | D:5      | Killed Duvessa
  4627 | D:5      | Gained mutation: You are robust. (+10% HP) [potion of
                  | mutation]
  4627 | D:5      | Gained mutation: You are very robust. (+20% HP) [potion of
                  | mutation]
  4627 | D:5      | Gained mutation: Your spells are a little easier to cast,
                  | but a little less powerful. [potion of mutation]
  4627 | D:5      | Gained mutation: One of your tentacles bears a spike.
                  | [potion of mutation]
  4631 | D:5      | Killed Dowan
  4672 | D:5      | Reached skill level 11 in Stealth
  4672 | D:5      | Reached skill level 6 in Shapeshifting
  4866 | D:5      | Reached ** piety under Jiyva
  4931 | D:5      | Noticed a two-headed ogre
  4937 | D:5      | Killed a two-headed ogre
  4938 | D:5      | Reached skill level 13 in Stealth
  4938 | D:5      | Reached XP level 9. HP: 24/63 MP: 9/9
  4998 | D:5      | Found a hide-covered altar of Uskayaw.
  5107 | D:6      | Found Zorghapha's Antique Weapon Shop.
  5148 | D:6      | Reached skill level 7 in Shapeshifting
  5191 | D:6      | Found a bloodstained altar of Trog.
  5193 | D:6      | Found a radiant altar of Vehumet.
  5466 | D:6      | Reached *** piety under Jiyva
  5514 | D:6      | Found a runed translucent door.
  5518 | D:6      | Noticed Shayle's ghost (amateur TeHs)
  5578 | D:6      | Noticed Pikel
  5586 | D:6      | Killed Pikel
  5587 | D:6      | Reached skill level 4 in Unarmed Combat
  5993 | D:6      | Reached skill level 5 in Unarmed Combat
  6222 | D:7      | Reached skill level 8 in Shapeshifting
  6257 | D:7      | Reached **** piety under Jiyva
  6584 | D:7      | Lost mutation: One of your tentacles bears a spike.
                  | [Jiyva's grace]
  6584 | D:7      | Lost mutation: You are very robust. (+20% HP) [Jiyva's
                  | grace]
  6584 | D:7      | Lost mutation: Your spells are a little easier to cast, but
                  | a little less powerful. [Jiyva's grace]
  6584 | D:7      | Gained mutation: Your muscles are strong. (Str +4, Int/Dex
                  | -1) [Jiyva's grace]
  6584 | D:7      | Gained mutation: Your muscles are very strong. (Str +8,
                  | Int/Dex -2) [Jiyva's grace]
  6584 | D:7      | Gained mutation: You have a small jelly attached to you
                  | that senses nearby items. [Jiyva's grace]
  6584 | D:7      | Gained mutation: One of your tentacles bears a spike.
                  | [Jiyva's grace]
  6632 | D:7      | Reached XP level 10. HP: 39/63 MP: 10/10
  6811 | D:7      | Reached skill level 6 in Unarmed Combat
  7002 | D:8      | Found a hazy altar of Hepliaklqana.
  7120 | D:8      | Found a flagged portal.
  7134 | Bailey   | Entered a bailey
  7139 | Bailey   | Noticed an orc warlord
  7239 | Bailey   | Found a runed translucent gate.
  7242 | Bailey   | Found a runed translucent gate.
  7244 | Bailey   | Found a runed translucent gate.
  7403 | Bailey   | Slain by an orc warlord

Vanquished Creatures
  A two-headed ogre (D:5)
  Pikel (D:6)
  Eustachio (D:5)
  Menkaure (D:5)
  A water moccasin (D:7)
  Duvessa (D:5)
  A sky beast (D:6)
  2 black bears (D:7)
  2 ice beasts
  3 orc warriors
  4 ogres
  2 centaurs
  2 phantoms
  A bullfrog (D:7)
  3 scorpions (D:4)
  Dowan (D:5)
  2 electric eels (D:6)
  2 jellies (Sewer)
  3 hounds
  An orc priest (D:3)
  A sleepcap (D:8)
  2 iguanas (D:4)
  Natasha (twice) (D:2)
  An orc wizard (D:5)
  A mummy (Ossuary)
  6 gnolls
  4 adders
  A river rat (D:3)
  4 white imps
  4 ufetubi (D:7)
  3 dart slugs
  21 orcs
  4 spectral bats (Ossuary)
  6 ball pythons
  14 endoplasms
  5 giant cockroaches
  8 goblins
  13 hobgoblins
  18 kobolds
  6 quokkas
  2 bat simulacra (Ossuary)
  2 frilled lizards
  12 gnoll zombies (Ossuary)
  3 goblin simulacra (Ossuary)
  8 goblin zombies
  3 hobgoblin zombies (Ossuary)
  3 kobold simulacra (Ossuary)
  3 kobold zombies (Ossuary)
  5 orc zombies (Ossuary)
  6 rats
  4 rat simulacra (Ossuary)
  A rat zombie (D:4)
  2 spectral goblins (Ossuary)
  3 spectral kobolds (Ossuary)
  3 spectral rats (Ossuary)
219 creatures vanquished.

Vanquished Creatures (others)
  A jelly (D:5)
  A hound (D:6)
  A sleepcap (D:6)
  Natasha (D:2)
  An iguana (D:6)
  Ijyb (D:5)
  An adder (D:2)
  A worm (D:2)
  A dart slug (D:5)
  2 orcs (D:5)
  An endoplasm (D:2)
12 creatures vanquished.

Grand Total: 231 creatures vanquished

Table legend:
 A = Non-vault XP
 B = Vault XP
 C = Vault XP percentage of total XP
 D = Non-vault monster count
 E = Vault monster count
 F = Vault count percentage of total count
                 A         B        C        D         E       F
            +---------+---------+-------+---------+---------+-------
      Total |    3754 |    1831 |  32.8 |     109 |     111 |  50.5
            +---------+---------+-------+---------+---------+-------
        D:1 |      31 |       0 |   0.0 |      17 |       0 |   0.0
        D:2 |      59 |      35 |  37.2 |       9 |       1 |  10.0
        D:3 |      85 |      18 |  17.5 |      17 |       4 |  19.0
        D:4 |     390 |       7 |   1.8 |      17 |       4 |  19.0
        D:5 |    1262 |     581 |  31.5 |      12 |       4 |  25.0
        D:6 |     756 |     629 |  45.4 |      12 |       1 |   7.7
        D:7 |     983 |       0 |   0.0 |      18 |       0 |   0.0
        D:8 |     188 |       0 |   0.0 |       7 |       0 |   0.0
      Sewer |       0 |     146 | 100.0 |       0 |      22 | 100.0
    Ossuary |       0 |      84 | 100.0 |       0 |      55 | 100.0
     Bailey |       0 |     331 | 100.0 |       0 |      20 | 100.0
            +---------+---------+-------+---------+---------+-------

Skill      XL: |  1  2  3  4  5  6  7  8  9 10 |
---------------+-------------------------------+-----
Stealth        | 1 3 5 6 8 10 13 | 13.4
Shapeshifting  | 4 5 6 8 |  8.8
Unarmed Combat | 5 6 |  6.6
Fighting       | |  1.0
Dodging        | |  2.0

Action                     |  1- 3 |  4- 6 |  7- 9 | 10-12 || total
---------------------------+-------+-------+-------+-------++-------
  Melee: Unarmed           |    44 |   158 |   193 |    75 ||   470
         Constrict         |    12 |    42 |    32 |    17 ||   103
         Tentacles         |     7 |    35 |    36 |       ||    78
         Punch             |       |     4 |     5 |       ||     9
         Kick              |       |       |    38 |       ||    38
  Evoke: Wand              |       |       |     3 |     2 ||     5
    Use: Potion            |       |       |     4 |     1 ||     5
         Scroll            |       |       |       |     6 ||     6
   Stab: Sleeping          |     9 |    27 |    25 |     5 ||    66
         Distracted        |     1 |     2 |     2 |       ||     5
 Armour: Skin              |     8 |    37 |    86 |    53 ||   184
  Dodge: Dodged            |    31 |    60 |   144 |    66 ||   301
   Form: Anaconda          |       |       |       |     1 ||     1

Illustrated notes

Table legend:
 A = Kills in this place as a percentage of kills in the entire game.
 B = Kills by you in this place as a percentage of kills by you in the entire game.
 C = Kills by friends in this place as a percentage of kills by friends in the entire game.
 D = Other kills in this place as a percentage of other kills in the entire game.
 E = Experience gained in this place as a percentage of experience gained in the entire game.
 F = Experience gained in this place divided by the number of levels of this place that you have seen.
                   A       B       C       D       E      F
               +-------+-------+-------+-------+-------+----------------------
         Total | 100.0 | 100.0 |   N/A | 100.0 | 100.0 | 507.7
       Dungeon |  55.9 |  55.7 |   N/A | 100.0 |  90.0 | 628.0
         Sewer |  10.0 |  10.0 |   N/A |   0.0 |   2.6 | 146.0
       Ossuary |  25.0 |  25.1 |   N/A |   0.0 |   1.5 |  84.0
        Bailey |   9.1 |   9.1 |   N/A |   0.0 |   5.9 | 331.0
               +-------+-------+-------+-------+-------+----------------------

Table legend: (Time is in decaauts)
 A = Elapsed time spent in this place.
 B = Non-inter-level travel time spent in this place.
 C = Inter-level travel time spent in this place.
 D = Time resting spent in this place.
 E = Time spent auto-exploring this place.
 F = Levels seen in this place.
 G = Mean time per level.
                   A        B        C        D        E       F      G
               +--------+--------+--------+--------+--------+-----+--------+
         Total |   7350 |   7087 |    263 |    140 |   5417 |  11 |  668.2 |
       Dungeon |   6204 |   5941 |    263 |    140 |   4794 |   8 |  775.5 |
         Sewer |    462 |    462 |      0 |      0 |    302 |   1 |  462.0 |
       Ossuary |    421 |    421 |      0 |      0 |    176 |   1 |  421.0 |
        Bailey |    263 |    263 |      0 |      0 |    145 |   1 |  263.0 |
               +--------+--------+--------+--------+--------+-----+--------+

Top non-repeatable levels by time:
     D:4: 1463 daAuts
     D:6: 955 daAuts
     D:7: 868 daAuts
     D:2: 785 daAuts
     D:1: 768 daAuts
     D:5: 727 daAuts
   Sewer: 462 daAuts
     D:3: 426 daAuts
 Ossuary: 421 daAuts
  Bailey: 263 daAuts
     D:8: 207 daAuts
